 Dungeon Crawl Stone Soup version 0.25-a0-496-g8c4878dea3 (webtiles) character file.

Game seed: 15198904085051682937, levelgen mode: deterministic

17 Kohma the Poker (level 2, -4/23 HPs)
             Began as a Merfolk Gladiator on Feb 12, 2020.
             Slain by a kobold
             ... wielding a +0 short sword
              (5 damage)
             ... on level 1 of the Dungeon.
             The game lasted 00:00:55 (294 turns).

Kohma the Poker (Merfolk Gladiator)                  Turns: 294, Time: 00:00:55

Health: -4/23      AC:  4    Str: 14    XL:     2   Next: 62%
Magic:  2/2        EV: 14    Int:  7    God:
Gold:   16         SH:  0    Dex: 15    Spells: 1/1 levels left

rFire    . . .     SeeInvis .   a - +0 trident
rCold    . . .     Gourm    .   (no shield)
rNeg     . . .     Faith    .   b - +0 leather armour
rPois    .         Spirit   .   c - +0 helmet
rElec    .         Reflect  .   (no cloak)
rCorr    .         Harm     .   (no gloves)
MR       .....                  (no boots)
Stlth    +.........             (no amulet)
HPRegen  0.07/turn              (no ring)
MPRegen  0.08/turn              (no ring)

@: no status effects
A: change form in water, swift swim, stealthy swim
a: no special abilities


You were on level 1 of the Dungeon.
You were not hungry.

You visited 1 branch of the dungeon, and saw 1 of its levels.

You collected 16 gold pieces.

Inventory:

Hand Weapons
 a - a +0 trident (weapon)
Missiles
 d - 3 throwing nets (quivered)
Armour
 b - a +0 leather armour (worn)
 c - a +0 helmet (worn)
Jewellery
 g - an uncursed ring of ice {unknown}
 h - an uncursed amulet of faith {unknown}
 n - an uncursed ring of resist corrosion {unknown}
Scrolls
 j - 2 scrolls of magic mapping {unknown}
 l - a scroll of remove curse {unknown}
 m - a scroll of blinking {unknown}
Potions
 e - a potion of invisibility {unknown}
 k - a potion of brilliance {unknown}
Comestibles
 f - 2 rations
 i - 11 chunks of flesh


   Skills:
 + Level 2.5 Fighting
 * Level 5.1 Polearms
 - Level 2.0 Throwing
 + Level 4.3 Dodging


You had one spell level left.
You didn't know any spells.
Your spell library was empty.

Dungeon Overview and Level Annotations

Branches:
Dungeon (1/15)

Altars:


Message History

You closely miss the kobold.
The kobold hits you with a +0 short sword.
You are too injured to fight recklessly!
You are too injured to fight recklessly!
You are too injured to fight recklessly!
You are too injured to fight recklessly!
You closely miss the kobold. The kobold barely misses you.
The kobold hits you but does no damage.
You see here 18 stones.
You closely miss the kobold. The kobold hits you.
You hit the kobold.
You kill the kobold!
You miss the kobold. The kobold barely misses you.
You completely miss the kobold.
The kobold hits you with a +0 short sword!
* * * LOW HITPOINT WARNING * * *
You hit the kobold but do no damage. The kobold hits you but does no damage.
You hit the kobold but do no damage.
The kobold hits you with a +0 short sword.
You die...

..# ..###########
............. ...........#.
...÷.......#.##
..÷........#..# #######
...######## #.## #.....######
#############..####...........
'...............@K..(...>.....
##############..###...[.......
# ##.# #.....###### #
#..##.....# # ##.##.....#
.#####+## .. #.# .#


You could see a kobold.

Vanquished Creatures
  A leopard gecko (D:1)
  4 jackals (D:1)
  3 bats (D:1)
  4 goblins (D:1)
  A kobold (D:1)
  3 rats (D:1)
16 creatures vanquished.

Notes
Turn   | Place    | Note
-------+----------+-------------------------------------------
     0 | D:1      | Kohma the Merfolk Gladiator began the quest for the Orb.
     0 | D:1      | Reached XP level 1. HP: 16/16 MP: 1/1
   113 | D:1      | Reached XP level 2. HP: 19/23 MP: 2/2
   233 | D:1      | Reached skill level 5 in Polearms
   292 | D:1      | HP: 1/23 [kobold/+0 short sword (7)]
   294 | D:1      | Slain by a kobold

Levels and vault maps discovered:
D:1:      scummos_arrival_checkerplants, layout_basic

Skill      XL: |  1  2 |
---------------+-------+-----
Polearms       | 5 |  5.1
Fighting       | |  2.5
Throwing       | |  2.0
Dodging        | |  4.3

Action                   || total
-------------------------++-------
Melee: Trident           ||    43
Armor: Leather armour    ||    12
Dodge: Dodged            ||    46

Table legend:
 A = Non-vault XP
 B = Vault XP
 C = Vault XP percentage of total XP
 D = Non-vault monster count
 E = Vault monster count
 F = Vault count percentage of total count
                 A         B        C        D         E       F
            +---------+---------+-------+---------+---------+-------
      Total |      25 |       0 |   0.0 |      16 |       0 |   0.0
            +---------+---------+-------+---------+---------+-------
        D:1 |      25 |       0 |   0.0 |      16 |       0 |   0.0
            +---------+---------+-------+---------+---------+-------
